 Dungeon Crawl Stone Soup version 0.31.0-12-g77e489cdc1 (webtiles) character file.

Game seed: 10494724888282795545

24 spaghetti the Shooter (level 2, -1/16 HPs)
             Began as a Deep Elf Hunter on Feb 18, 2024.
             Was a Follower of Okawaru.
             Slain by a goblin
             ... wielding a +0 club
             ... led by Robin
              (5 damage)
             ... on level 2 of the Dungeon.
             The game lasted 00:00:50 (659 turns).

spaghetti the Shooter (Deep Elf Hunter)              Turns: 659, Time: 00:00:51

Health: -1/16      AC:  3    Str:  8    XL:     2   Next: 79%
Magic:  4/4        EV: 12    Int: 13    God:    Okawaru [*.....]
Gold:   57         SH:  0    Dex: 18    Spells: 1/1 levels left

rFire   + . .        a - +0 shortbow
rCold   + . .        (shield currently unavailable)
rNeg    . . .        c - +0 leather armour
rPois   +            (no helmet)
rElec   +            (no cloak)
rCorr   +            (no gloves)
SInv    .            (no boots)
Will    .....        (no amulet)
Stlth   ++           (no ring)
HPRegen 0.22/turn    (no ring)
MPRegen 0.09/turn

%: no passive effects
@: resistant
A: no striking features
a: Renounce Religion, Heroism


You were on level 2 of the Dungeon.
You worshipped Okawaru.
Okawaru was aware of your devotion.
You visited 1 branch of the dungeon, and saw 2 of its levels.

You collected 57 gold pieces.

Inventory:

Hand Weapons
 a - a +0 shortbow (weapon)
Armour
 c - a +0 leather armour (worn)
Scrolls
 b - a scroll of butterflies
 i - a scroll of immolation
 j - a scroll of identify {unknown}
Potions
 e - a potion of ambrosia {unknown}
 f - a potion of magic {unknown}
 g - a potion of enlightenment {unknown}
 h - a potion of degeneration {unknown}


   Skills:
 - Level 1.5 Fighting
 + Level 6.5 Ranged Weapons
 - Level 2.4 Dodging
 - Level 1.2 Stealth


You had one spell level left.
You didn't know any spells.
Your spell library was empty.

Dungeon Overview and Level Annotations

Branches:
Dungeon (2/15)

Altars:
Okawaru

Annotations:
D:2 Robin


Message History

You hear a shout!
A goblin comes into view. It is wielding a +0 dagger.
Robin throws the goblin at you!
You shoot an arrow. The arrow closely misses the goblin.
A hobgoblin comes into view.
The goblin hits you but does no damage.
You shoot an arrow.
The arrow hits Robin but does no damage.
Robin is lightly wounded.
A hobgoblin comes into view.
The goblin closely misses you. Robin hits you with a +0 short sword.
You shoot an arrow. The arrow barely misses Robin.
The goblin hits you with a +0 club. Robin closely misses you.
You are too injured to fight recklessly!
You are too injured to fight recklessly!
You are too injured to fight recklessly!
You are too injured to fight recklessly!
You are too injured to fight recklessly!
You are too injured to fight recklessly!
You are too injured to fight recklessly!
You are too injured to fight recklessly!
You are too injured to fight recklessly!
You are too injured to fight recklessly!
You are too injured to fight recklessly!
You are too injured to fight recklessly!
You are too injured to fight recklessly!
You are too injured to fight recklessly!
You are too injured to fight recklessly!
Unknown command.
Unknown command.
Okay, then.
The goblin hits you with a +0 club.
* * * LOW HITPOINT WARNING * * *
Robin attacks as they pursue you! Robin closely misses you.
Robin throws the goblin at you!
Unknown command.
It was a potion of resistance.
You feel protected. The goblin hits you with a +0 club.
You die...

#.# ... ##.##
... #.#.# gg
#.<## gg #.##
#g #.# #.# #>
#.#
.....#g######.#
#..)g.@g...#
.........###..#
..........##..#
..##..........#
. ......#.##.##
###......##.#
#.#........
..#.######.


You could see Robin, a hobgoblin (strong) and a goblin (strong).

Vanquished Creatures
  2 dart slugs (D:1)
  2 ball pythons (D:1)
  A bat (D:1)
  4 goblins
  A hobgoblin (D:1)
  3 jackals (D:1)
  2 quokkas (D:1)
  3 rats (D:1)
18 creatures vanquished.

Notes
Turn   | Place    | Note
-------+----------+-------------------------------------------
     0 | D:1      | spaghetti the Deep Elf Hunter began the quest for the Orb.
     0 | D:1      | Reached XP level 1. HP: 12/12 MP: 3/3
    15 | D:1      | Found a faded altar of an unknown god.
    23 | D:1      | Prayed at the altar of an unknown god.
    23 | D:1      | Became a worshipper of Warmaster Okawaru
    23 | D:1      | Reached * piety under Okawaru
   145 | D:1      | Reached skill level 6 in Ranged Weapons
   145 | D:1      | Reached XP level 2. HP: 16/16 MP: 4/4
   650 | D:2      | Noticed Robin
   659 | D:2      | Slain by a goblin

Illustrated notes

Levels and vault maps discovered:
D:1:      lightli_arrival_chessboard, layout_basic, basic_ecumenical_altar
D:2:      layout_loops_cross, minmay_misc_feat_tiny,
          chequers_serial_rivers_micro_b, minmay_pentomino_u2, uniq_sigmund,
          uniq_robin

Skill      XL: |  1 |
---------------+----+-----
Ranged Weapons | 6 |  6.5
Fighting       | |  1.5
Dodging        | |  2.4
Stealth        | |  1.2

Action                     || total
---------------------------++-------
   Fire: Shortbow          ||    74
    Use: Scroll            ||     4
         Potion            ||     1
 Armour: Leather armour    ||    27
  Dodge: Dodged            ||    23
